 Dungeon Crawl Stone Soup version 0.30-a0-860-g512cf1e (webtiles) character file.

Game seed: 18355342765834444509

91 Dorkslayer the Trooper (level 4, -6/41 HPs)
             Began as a Hill Orc Fighter on Mar 7, 2023.
             Mangled by Crazy Yiuf
             ... wielding a +4 quarterstaff of chaos
              (14 damage)
             ... on level 2 of the Dungeon.
             The game lasted 00:04:33 (1506 turns).

Dorkslayer the Trooper (Hill Orc Fighter)           Turns: 1506, Time: 00:04:34

Health: -6/41      AC:  8    Str: 20    XL:     4   Next: 57%
Magic:  4/4        EV:  9    Int:  8    God:
Gold:   140        SH:  4    Dex: 10    Spells: 3/3 levels left

rFire   . . .      SeeInvis .    n - +1 hand axe (drain)
rCold   . . .      Faith    .    c - +0 buckler
rNeg    . . .      Spirit   .    b - +0 scale mail
rPois   .          Reflect  .    d - +0 helmet
rElec   .          Rampage  .    (no cloak)
rCorr   .                        (no gloves)
Will    .....                    (no boots) Stlth
                                 (no amulet)
HPRegen 0.26/turn                s - ring of flight
MPRegen 0.09/turn                (no ring)

@: flying
A: no striking features
a: no special abilities


You were on level 2 of the Dungeon.
You visited 1 branch of the dungeon, and saw 3 of its levels.

You collected 140 gold pieces.

Inventory:

Hand Weapons
 a - a +0 war axe
 n - a +1 hand axe of draining (weapon)
Missiles
 e - 4 boomerangs (quivered)
Armour
 b - a +0 scale mail (worn)
 c - a +0 buckler (worn)
 d - a +0 helmet (worn)
Jewellery
 s - a ring of flight (left hand)
Wands
 t - a wand of flame (10)
Scrolls
 g - a scroll of vulnerability {unknown}
 j - a scroll of poison
 l - 2 scrolls of identify {unknown}
 o - a scroll of fog {unknown}
 q - a scroll of teleportation {unknown}
Potions
 f - a potion of degeneration {unknown}
 h - a potion of mutation {unknown}
 i - 2 potions of heal wounds {unknown}
 k - 2 potions of cancellation {unknown}
 m - a potion of curing {unknown}
 p - a potion of haste {unknown}
 r - a potion of lignification {unknown}


   Skills:
 * Level 4.4 Fighting
 * Level 3.6 Axes
 * Level 3.8 Armour
 * Level 1.3 Dodging
 + Level 3.7 Shields


You had 3 spell levels left.
You didn't know any spells.
Your spell library contained the following spells:

 Spells                   Type           Power      Damage    Failure   Level
 Sublimation of Blood     Necr           0%         N/A       94%         2
 Wereblood                Tmut           0%         N/A       94%         2
 Ignite Poison            Fire/Tmut/Pois 0%         N/A       99%         3
 Kindle Blastsparks       Fire/Tloc/Air  0%         2d10      99%         3
 Animate Armour           Summ/Erth      0%         N/A       100%        4
 Blade Hands              Tmut           0%         N/A       100%        5
 Freezing Cloud           Conj/Ice/Air   0%         6-21      100%        5
 Iron Shot                Conj/Erth      0%         9d1       100%        6
 Summon Hydra             Summ           0%         N/A       100%        7


Dungeon Overview and Level Annotations

Branches:
Dungeon (3/15)

Altars:

Annotations:
D:2 Crazy Yiuf


Message History

The hobgoblin is moderately wounded.
The hobgoblin hits you but does no damage.
You barely miss the hobgoblin.
The hobgoblin is moderately wounded.
The hobgoblin barely misses you.
You hit the hobgoblin but do no damage.
The hobgoblin is moderately wounded.
The hobgoblin hits you.
You hit the hobgoblin. You drain the hobgoblin.
You kill the hobgoblin!
You now have 134 gold pieces (gained 10).
You now have 140 gold pieces (gained 6).
You pick up a book of Blood and begin reading...
You add the spells Sublimation of Blood, Wereblood and Summon Hydra to your library.
t - a wand of flame (10)
Found a hammer.
Found a runed translucent door.
You reach down and open the door.
You barely miss Crazy Yiuf. You block Crazy Yiuf's attack.
You hit Crazy Yiuf.
Crazy Yiuf is lightly wounded.
Crazy Yiuf hits you with a +4 quarterstaff of chaos.
Crazy Yiuf burns you.
You hit Crazy Yiuf.
Crazy Yiuf is moderately wounded.
Crazy Yiuf hits you with a +4 quarterstaff of chaos.
You hit Crazy Yiuf.
Crazy Yiuf is heavily wounded.
Crazy Yiuf hits you with a +4 quarterstaff of chaos!
Crazy Yiuf freezes you.
You hit Crazy Yiuf but do no damage. You drain Crazy Yiuf.
Crazy Yiuf is severely wounded.
Crazy Yiuf hits you with a +4 quarterstaff of chaos.
Crazy Yiuf burns you.
* * * LOW HITPOINT WARNING * * *
You barely miss Crazy Yiuf.
Crazy Yiuf is severely wounded.
Crazy Yiuf hits you with a +4 quarterstaff of chaos.
* * * LOW HITPOINT WARNING * * *
You are electrocuted!
You die...

.........####..#..# #.#......####
..............#..## #.#.#.####
......÷.......#.## #.#.#.#
.........######## #####.#
##.......# #.# ####...### ###
.#.....# ### ♣♣######### ...##.##
#)..#♣♣ ♣♣.........## ......#
#...g@♣♣♣♣.P.......[.# ####..# ##
#...#♣..♣.P........... ..#÷.###.#
### ♣♣♣.♣.P.......... .....##..#
♣♣♣♣♣##........ .#.#....##
#........
.#.##....################...[....
.#.##...[>.......................
.......[.##.######...............
..#..#...##...#####.....##.....##


You could see Crazy Yiuf (very drained).

Vanquished Creatures
  Robin (D:3)
  3 adders
  4 worms
  2 ball pythons
  2 bats (D:2)
  3 endoplasms
  A giant cockroach (D:2)
  8 goblins (D:3)
  4 hobgoblins
  A kobold (D:2)
  2 quokkas
  5 frilled lizards
  5 rats
41 creatures vanquished.

Vanquished Creatures (others)
  A worm (D:3)
1 creature vanquished.

Grand Total: 42 creatures vanquished

Notes
Turn   | Place    | Note
-------+----------+-------------------------------------------
     0 | D:1      | Dorkslayer the Hill Orc Fighter began the quest for the
                  | Orb.
     0 | D:1      | Reached XP level 1. HP: 19/19 MP: 1/1
   868 | D:2      | Reached XP level 2. HP: 17/27 MP: 2/2
   924 | D:2      | Reached skill level 4 in Fighting
   954 | D:2      | Reached XP level 3. HP: 25/33 MP: 3/3
   991 | D:2      | You fall into a shaft and drop 1 floor!
  1039 | D:3      | Reached skill level 1 in Dodging
  1129 | D:3      | Noticed Robin
  1144 | D:3      | Reached XP level 4. HP: 30/40 MP: 4/4
  1153 | D:3      | Killed Robin
  1364 | D:2      | Identified the +0 pair of boots of the Evening Star {Harm
                  | rC- Will+}
  1496 | D:2      | Found a runed translucent door.
  1497 | D:2      | Noticed Crazy Yiuf
  1506 | D:2      | Mangled by Crazy Yiuf

Illustrated notes

Levels and vault maps discovered:
D:1:      dpeg_arrival_refuge, layout_basic, chequers_serial_rivers_micro_e,
          nicolae_kite_square_tiling_tiny
D:2:      layout_rooms, minmay_misc_feat_square, uniq_crazy_yiuf_cottage
D:3:      layout_rooms, grunt_qazlal_clouds, uniq_robin

Skill      XL: |  1  2  3 |
---------------+----------+-----
Axes           | 3 |  3.6
Fighting       | 4 |  4.4
Dodging        | 1 |  1.3
Armour         | |  3.8
Shields        | |  3.7

Action                     |  1- 3 |  4- 6 || total
---------------------------+-------+-------++-------
  Melee: War axe           |    38 |       ||    38
         Hand axe          |    18 |    50 ||    68
  Throw: Boomerang         |    11 |       ||    11
    Use: Scroll            |     1 |       ||     1
         Potion            |     1 |       ||     1
 Armour: Scale mail        |    45 |    27 ||    72
  Dodge: Dodged            |    35 |    20 ||    55
  Block: Buckler           |     8 |     9 ||    17

Table legend: (Time is in decaauts)
 A = Elapsed time spent in this place.
 B = Non-inter-level travel time spent in this place.
 C = Inter-level travel time spent in this place.
 D = Time resting spent in this place.
 E = Time spent auto-exploring this place.
 F = Levels seen in this place.
 G = Mean time per level.
                   A        B        C        D        E       F      G
               +--------+--------+--------+--------+--------+-----+--------+
         Total |   1533 |   1533 |      0 |      0 |    855 |   3 |  511.0 |
       Dungeon |   1533 |   1533 |      0 |      0 |    855 |   3 |  511.0 |
               +--------+--------+--------+--------+--------+-----+--------+

Top non-repeatable levels by time:
     D:1: 865 daAuts
     D:2: 384 daAuts
     D:3: 282 daAuts
